Unix NetHack Version 5.0.0-0 post-release - last build Jun 10 2026 00:39:30 (3ee93aec679c4c4259841fe613dc97188e26a321,branch:main).

Game began 2026-06-16 08:37:39, ended 2026-06-16 10:35:08.

LDaviesPeters, neutral female human Archeologist

             ------                               ----
             |....----------------------         --..------   -----
             |.....................|*..-----   ---)...^...-----...----
 ----   ---  ---.-----------..----......|-.-----...---#--.oo@........--
--..|  --.---  |...---   ------  ------.|.....|..---    ----......>...--
|...|  |....|  ---...-- |..|          |.........--         --.....[....--
--..|  --...-- --...).---..----      --.--...----           -----.......|
 |-.|   |....---............^.-- --- |...|-.--                  |.|.....---
 |..|   |......................---.---..-|---                   |.|-......--
 |.-|   --..........................|....--                   ---.| -......--
 |..-- ---.......--......---#...-.........|   ----            |...|  -......|
 --..--|.........--.....--  -#............|   |..---        ---^.-|   --....|
  |...||.................|   |......(.....-- --*.<)| ----   |.....|    ----.|
  |..-----..---........|.|-- --............#--[))*.---..|   |.....--      |.|
  |.--   ---- |........|.|.------.#...............[[..*.|   |......|    ---.--
  |.--      ----...---.......--------.........[........-|   --.....| ----....|
  |..--------......----...^...................[*---.....|    ----.-- |......--
  |........................-----------.....).---- |....--       ---  |.....--
  -----------.......----..--         ---.-----    --..--             |....--
            ---.|..--  |..|            ---         ----              ------
              ------   ---
LDaviesPeters the Investigator  St:14 Dx:12 Co:17 In:17 Wi:12 Ch:13  Neutral
Dlvl:7  $:23 HP:0(60) Pw:28(28) AC:-4 Xp:8 T:9429 

Latest messages:
 The Uruk-hai wields a knife!
 You lash the Uruk-hai!
 The Uruk-hai hurls a dark green potion!
 The bottle crashes on the Uruk-hai's head and breaks into shards.
 The dark green potion evaporates.
 Call a dark green potion: Evaporates?
 You lash the Uruk-hai!
 You lash the Uruk-hai!
 The Uruk-hai throws a knife!
 The knife misses the Uruk-hai.
 You are hit by a knife.
 You kill the Uruk-hai!
 The Uruk-hai picks up a crude bow.
 You lash the Uruk-hai!
 You lash the Uruk-hai!
 You lash the Uruk-hai!
 The Uruk-hai hits!
 You lash the Uruk-hai!
 The Uruk-hai hits!
 You kill the Uruk-hai!
 What do you want to write with? [- agiCDHRXZ or ?*] ?
 What do you want to write with? [- agiCDHRXZ or ?*] <space>
 Never mind.
 What do you want to zap? [DX or ?*] X
 In what direction? 4
 The Uruk-hai seems to be moving slower.
 The Uruk-hai picks up a pair of hard shoes.
 You lash the Uruk-hai!
 The Uruk-hai shoots 2 poisoned crude arrows!
 The 1st poisoned crude arrow misses the Uruk-hai.
 The 1st poisoned crude arrow misses you.
 The 2nd poisoned crude arrow misses the Uruk-hai.
 You are hit by the 2nd poisoned crude arrow.
 You hear the howling of the CwnAnnwn...
 You lash the Uruk-hai!
 You lash the Uruk-hai!
 You hear a chugging sound.
 The Uruk-hai hits!
 You lash the Uruk-hai!
 The Uruk-hai shoots 2 poisoned crude arrows!
 The 1st poisoned crude arrow hits the Uruk-hai.
 The poison doesn't seem to affect the Uruk-hai.
 The 2nd poisoned crude arrow misses the Uruk-hai.
 You are hit by the 2nd poisoned crude arrow!
 You die...
 Do you want your possessions identified? [ynq] (y) y
 Do you want to see your attributes? [ynq] (y) y
 Do you want an account of creatures vanquished? [ynaq] (y) n
 Do you want to see your conduct and achievements? [ynq] (y) y
 Do you want to see the dungeon overview? [ynq] (y) n

Inventory:
 Coins    ('$')
  $ - 23 gold pieces
 Weapons  (')')
  Z - 6 +0 daggers
  a - a +2 bullwhip (weapon in right hand)
 Armor    ('[')
  K - a blessed +3 orcish helm (being worn)
  q - an uncursed +0 pair of kicking boots (being worn)
  n - an uncursed +0 cloak of protection (being worn)
  N - an uncursed +0 dwarvish mithril-coat (being worn)
 Comestibles  ('%')
  j - 2 uncursed slime molds
  d - 5 uncursed food rations
 Rings    ('=')
  H - an uncursed ring of cold resistance (on left hand)
 Wands    ('/')
  X - a wand of slow monster (0:0)
  D - a wand of speed monster (0:6)
 Tools    ('(')
  b - an uncursed sack containing 15 items
  S - a blessed magic lamp (lit)
  R - a magic marker (0:64)
  k - an uncursed skeleton key
  u - a +0 unicorn horn
 Gems/Stones  ('*')
  i - 2 uncursed jade stones
  C - an uncursed topaz stone
  g - an uncursed touchstone

Contents of the sack:
  543 gold pieces
  3 uncursed scrolls of blank paper
  2 blessed scrolls of confuse monster
  an uncursed scroll of destroy armor
  a blessed scroll of earth
  2 uncursed scrolls of earth
  an uncursed scroll of enchant armor
  an uncursed scroll of gold detection
  2 uncursed scrolls of magic mapping
  2 uncursed scrolls of remove curse
  an uncursed scroll of scare monster
  a cursed potion of healing
  an uncursed potion of speed
  an uncursed potion of water
  a +0 pick-axe

LDaviesPeters the Archeologist's attributes:

Background:
 You were an Investigator, a level 8 female human Archeologist.
 You were neutral, on a mission for Camaxtli
 who was opposed by Quetzalcoatl (lawful) and Huhetotl (chaotic).
 You were right-handed.
 You were in the Gnomish Mines, on level 7.
 You entered the dungeon 9429 turns ago.
 There was a new moon in effect when your adventure ended.
 You had 1988 experience points, 572 more were needed to attain level 9.

Basics:
 You had 0 out of 60 hit points.
 You had all 28 energy points (spell power).
 Your armor class was -4.
 Your wallet contained 23 zorkmids, and
 you had 543 more stashed away in your pack.
 Autopickup was off.

Final Characteristics:
 Your strength was 14 (limit:18/100).
 Your dexterity was 12 (limit:18).
 Your constitution was 17 (limit:18).
 Your intelligence was 17 (limit:18).
 Your wisdom was 12 (limit:18).
 Your charisma was 13 (limit:18).

Final Status:
 You weren't hungry.
 You were unencumbered.
 You were wielding a whip.
 You had expert skill with whip.

Final Attributes:
 You were piously aligned.
 You were cold resistant.
 Your items were protected from cold.
 You were telepathic.
 You had automatic searching.
 You were stealthy.
 You were protected.
 Your spell casting was impaired by metallic armor.
 You are dead.

Miscellaneous:
 You didn't encounter any bones levels.
 Total elapsed playing time was 1 hour, 57 minutes and 29 seconds.

Major events:
 Turn
    1: LDaviesPeters the neutral female human Archeologist entered the dungeon
 1213: attained the rank of Field Worker (level 3)
 1802: entered the Gnomish Mines
 4368: attained the rank of Investigator (level 6)
 6155: reached Mine Town
 9429: killed by an orcish arrow

Spells:
 Name                 Level Category     Fail Retention
 drain life             2   attack       100%   51%-75%

Skills:
 Fighting Skills
   bare handed combat [Unskilled]
   two weapon combat  [Unskilled]
   riding             [Unskilled]
 Weapon Skills
   dagger             [Unskilled]
   knife              [Unskilled]
   pick-axe           [Basic]
   short sword        [Unskilled]
   saber              [Unskilled]
   club               [Unskilled]
   quarterstaff       [Unskilled]
   sling              [Unskilled]
   dart               [Unskilled]
   boomerang          [Unskilled]
   whip               [Expert]
   unicorn horn       [Unskilled]
 Spellcasting Skills
   attack spells      [Unskilled]
   healing spells     [Unskilled]
   divination spells  [Unskilled]
   matter spells      [Unskilled]

Voluntary challenges:
 Character rerolling was not enabled.
 You never genocided any monsters.
 You never polymorphed an object.
 You used no wishes.
Achievements:
 You entered a shop.
 You attained the rank of Field Worker.
 You entered the Gnomish Mines.
 You attained the rank of Investigator.
 You entered Minetown.
 You entered a temple.

 The Dungeons of Doom: levels 1 to 8
    Level 1:
       A sink.
    Level 2:
       A fountain.
    Level 3:
       A general store, a fountain.
    Level 4:
       A scroll shop, a fountain.
       Stairs down to The Gnomish Mines.
    Level 5:
       A grave.
    Level 6:
       Some fountains.
    Level 7:
       A fountain, some graves.
    Level 8:
 The Gnomish Mines: levels 5 to 8
    Level 5:
    Level 6:
    Level 7: <- You were here.
       Final resting place for
          you, killed by an orcish arrow.
    Level 8:
       Many shops, a temple and an altar, many fountains.


Vanquished creatures:
  2 elf mummies
  a leather golem
  a giant beetle
  4 wolves
  4 winter wolf cubs
  a leprechaun
  a giant spider
  a dwarf mummy
  a yeti
  a gold golem
  3 lizards
  a dingo
  a jaguar
  a dwarf leader
  a white unicorn
  a gnome mummy
  2 snakes
  a soldier ant
  a bugbear
  a mountain nymph
  2 Mordor orcs
  5 Uruk-hai
  a rock piercer
  2 yellow lights
  2 shriekers
  8 gnome leaders
  3 gnomish wizards
  a paper golem
  2 giant ants
  a little dog
  a floating eye
  9 dwarves
  7 homunculi
  4 hill orcs
  a rothe
  2 rabid rats
  a centipede
  a monkey
 an orc zombie
  2 wererats
  a werejackal
  2 iguanas
 an acid blob
  3 coyotes
  5 hobbits
  2 large kobolds
  4 hobgoblins
  6 giant rats
 36 gnomes
  3 garter snakes
  a gnome zombie
  7 geckos
 18 jackals
  3 foxes
  a kobold
  3 goblins
  a sewer rat
  6 grid bugs
  4 lichens
  2 kobold zombies
  7 newts
202 creatures vanquished.

No species were genocided or became extinct.

Game over:
                       ----------
                      /          \
                     /    REST    \
                    /      IN      \
                   /     PEACE      \
                  /                  \
                  |  LDaviesPeters   |
                  |      566 Au      |
                  |   killed by an   |
                  |   orcish arrow   |
                  |                  |
                  |                  |
                  |       2026       |
                 *|     *  *  *      | *
        _________)/\\_//(\/(/\)/\//\/|_)_______

Goodbye LDaviesPeters the Archeologist...

You died in The Gnomish Mines on dungeon level 7 with 8812 points,
and 566 pieces of gold, after 9429 moves.
You were level 8 with a maximum of 60 hit points when you died.

